NYP
ABERDEEN IRONBIRDS @ HUDSON VALLEY RENEGADES
08/17/2047
 
TOP OF THE 1ST
Aberdeen Ironbirds batting - Pitching for Hudson Valley Renegades : RHP Juan Estrella
Pitching: RHP Juan Estrella
Batting: RHB Honório Szenes 0-0: Ball
1-0: Ground out 5-3 (Groundball, 56, EV 77.5 MPH)
Batting: RHB Mike Zepeda 0-0: Called Strike
0-1: Foul Ball, location: 2F
0-2: Ball
1-2: Foul Ball, location: 2F
1-2: Ball
2-2: Ground out 5-3 (Groundball, 56S, EV 68.1 MPH)
Batting: RHB Daniel Jackson 0-0: Fly out, F6 (Popup, P, EV 81.2 MPH)
Top of the 1st over - 0 runs, 0 hits, 0 errors, 0 left on base; Aberdeen 0 - Hudson Valley 0
BOTTOM OF THE 1ST
Hudson Valley Renegades batting - Pitching for Aberdeen Ironbirds : RHP Jonathan Spicer
Pitching: RHP Jonathan Spicer
Batting: LHB Jonathan Spino 0-0: Foul Ball, location: 2F
0-1: Called Strike
0-2: Strikes out looking
Batting: SHB Josif Popovski 0-0: Ball
1-0: Ball
2-0: SINGLE (Line Drive, 8LS, EV 106.2 MPH)
Batting: LHB Eric Toney 0-0: Called Strike
0-1: 2-RUN HOME RUN (Flyball, 9D, EV 98.1 MPH), Distance : 385 ft
Batting: LHB Rocky Crowley 0-0: Called Strike
0-1: Foul Ball, location: 2F
0-2: Reached via error on a dropped throw from 1B, E1 (Groundball, 13, EV 84.4 MPH)
Batting: RHB Dave Galloway 0-0: Ball
1-0: Ball
2-0: Fly out, F7 (Flyball, 78D, EV 78.8 MPH)
Batting: LHB Alex Genao 0-0: Called Strike
0-1: Ball
1-1: Called Strike
1-2: Fielders Choice at 2nd, U4 (Groundball, 4M, EV 87.5 MPH)
Bottom of the 1st over - 2 runs, 2 hits, 1 error, 1 left on base; Aberdeen 0 - Hudson Valley 2
TOP OF THE 2ND
Aberdeen Ironbirds batting - Pitching for Hudson Valley Renegades : RHP Juan Estrella
Batting: RHB Luis Tovar 0-0: Ball
1-0: Called Strike
1-1: Ball
2-1: Ground out 6-3 (Groundball, 6S, EV 80.0 MPH)
Batting: LHB Keith Long 0-0: Ground out U3 (Groundball, 3L, EV 93.8 MPH)
Batting: RHB Jason Burke 0-0: Ball
1-0: Foul Ball, location: 2F
1-1: Ball
2-1: Foul Ball, location: 2F
2-2: SINGLE (Groundball, 6MD, EV 100.0 MPH)
Batting: RHB Ethan Finke 0-0: Ball
1-0: 2-RUN HOME RUN (Flyball, 9D, EV 94.4 MPH), Distance : 365 ft
Batting: LHB Vinny Rivera 0-0: Ball
1-0: TRIPLE (Groundball, 3L, EV 106.2 MPH)
Batting: LHB Shane Cruse 0-0: Swinging Strike
0-1: Ball
Wild Pitch!
Vinny Rivera scores
1-1: Ball
2-1: Ball
3-1: Foul Ball, location: 2F
3-2: SINGLE (Line Drive, 9S, EV 93.1 MPH)
Batting: RHB Honório Szenes 0-0: Called Strike
0-1: Ball
1-1: Ball
2-1: Ball
3-1: Base on Balls
Shane Cruse to second
Batting: RHB Mike Zepeda 0-0: Foul Ball, location: 2F
0-1: 3-RUN HOME RUN (Flyball, 7LD, EV 93.8 MPH), Distance : 374 ft
Batting: RHB Daniel Jackson 0-0: Swinging Strike
0-1: Foul Ball, location: 2F
0-2: Strikes out swinging
Top of the 2nd over - 6 runs, 5 hits, 0 errors, 0 left on base; Aberdeen 6 - Hudson Valley 2
BOTTOM OF THE 2ND
Hudson Valley Renegades batting - Pitching for Aberdeen Ironbirds : RHP Jonathan Spicer
Batting: RHB Evan Chalarian 0-0: Ball
1-0: Ball
2-0: Called Strike
2-1: Foul Ball, location: 2F
2-2: Ball
3-2: Strikes out looking
Batting: RHB Bazyli Andrysiak 0-0: Foul Ball, location: 2F
0-1: Ball
1-1: Ball
2-1: SINGLE (Groundball, 56, EV 103.8 MPH)
Batting: LHB Jeremy Burton 0-0: Ball
1-0: Fielders Choice at 2nd, 5-4 (Groundball, 56, EV 103.1 MPH)
Batting: LHB Jonathan Spino 0-0: Ball
1-0: Called Strike
1-1: Foul Ball, location: 2F
1-2: Foul Ball, location: 2F
1-2: Ball
Jeremy Burton steals 2nd base
2-2: Strikes out swinging
Bottom of the 2nd over - 0 runs, 1 hit, 0 errors, 1 left on base; Aberdeen 6 - Hudson Valley 2
TOP OF THE 3RD
Aberdeen Ironbirds batting - Pitching for Hudson Valley Renegades : RHP Juan Estrella
Batting: RHB Luis Tovar 0-0: Called Strike
0-1: Foul Ball, location: 2F
0-2: Foul Ball, location: 2F
0-2: Ball
1-2: Ball
2-2: Foul Ball, location: 2F
2-2: Strikes out swinging
Batting: LHB Keith Long 0-0: Called Strike
0-1: Swinging Strike
0-2: Ground out 6-3 (Groundball, 6, EV 83.8 MPH)
Batting: RHB Jason Burke 0-0: Ball
1-0: Ball
2-0: Ball
3-0: Called Strike
3-1: Fly out, F8 (Flyball, 8LD, EV 91.9 MPH)
Top of the 3rd over - 0 runs, 0 hits, 0 errors, 0 left on base; Aberdeen 6 - Hudson Valley 2
BOTTOM OF THE 3RD
Hudson Valley Renegades batting - Pitching for Aberdeen Ironbirds : RHP Jonathan Spicer
Batting: SHB Josif Popovski 0-0: Ball
1-0: Ball
2-0: Fly out, F8 (Flyball, 89M, EV 84.4 MPH)
Batting: LHB Eric Toney 0-0: Called Strike
0-1: SINGLE (Groundball, 56D, EV 99.4 MPH)
Batting: LHB Rocky Crowley 0-0: Ball
1-0: Ball
2-0: Foul Ball, location: 2F
2-1: Ball
3-1: Base on Balls
Eric Toney to second
Batting: RHB Dave Galloway 0-0: Ball
1-0: Called Strike
1-1: Ball
2-1: Ball
3-1: Base on Balls
Eric Toney to third
Rocky Crowley to second
Batting: LHB Alex Genao 0-0: Called Strike
0-1: GRAND SLAM HOME RUN (Flyball, 9D, EV 101.2 MPH), Distance : 377 ft
Batting: RHB Evan Chalarian 0-0: Ball
1-0: Swinging Strike
1-1: Ball
2-1: Foul Ball, location: 2F
2-2: Foul Ball, location: 2F
2-2: Fly out, F9 (Flyball, 89M, EV 87.5 MPH)
Batting: RHB Bazyli Andrysiak 0-0: Foul Ball, location: 2F
0-1: Swinging Strike
0-2: Ball
1-2: Strikes out swinging
Bottom of the 3rd over - 4 runs, 2 hits, 0 errors, 0 left on base; Aberdeen 6 - Hudson Valley 6
TOP OF THE 4TH
Aberdeen Ironbirds batting - Pitching for Hudson Valley Renegades : RHP Juan Estrella
Pitching: LHP Toshiaki Wada
Batting: RHB Ethan Finke 0-0: Swinging Strike
0-1: Ball
1-1: Ball
2-1: Ground out 6-3 (Groundball, 6D, EV 102.5 MPH)
Batting: LHB Vinny Rivera 0-0: Ball
1-0: Ball
2-0: Called Strike
2-1: Ball
3-1: Base on Balls
Batting: LHB Shane Cruse 0-0: Called Strike
0-1: Ball
1-1: Ball
Vinny Rivera is caught stealing 2nd base 2-6
2-1: Called Strike
2-2: Strikes out looking
Top of the 4th over - 0 runs, 0 hits, 0 errors, 0 left on base; Aberdeen 6 - Hudson Valley 6
BOTTOM OF THE 4TH
Hudson Valley Renegades batting - Pitching for Aberdeen Ironbirds : RHP Jonathan Spicer
Pitching: RHP Jun-seok Pak
Batting: LHB Jeremy Burton 0-0: Called Strike
0-1: Ground out 4-3 (Groundball, 34D, EV 107.5 MPH)
Batting: LHB Jonathan Spino 0-0: Called Strike
0-1: Ball
1-1: Foul Ball, location: 2F
1-2: SINGLE (Groundball, 3D, EV 103.1 MPH)
Batting: SHB Josif Popovski 0-0: Ball
1-0: Swinging Strike
1-1: Fielders Choice at 2nd, 6-4 (Groundball, 6, EV 83.8 MPH)
Batting: LHB Eric Toney 0-0: Ball
1-0: Called Strike
Josif Popovski steals 2nd base
1-1: Ball
2-1: Ball
3-1: Swinging Strike
3-2: Base on Balls
Batting: LHB Rocky Crowley 0-0: Swinging Strike
0-1: Swinging Strike
0-2: Foul Ball, location: 2F
0-2: Foul Ball, location: 2F
0-2: Ball
1-2: Ball
2-2: Strikes out looking
Bottom of the 4th over - 0 runs, 1 hit, 0 errors, 2 left on base; Aberdeen 6 - Hudson Valley 6
TOP OF THE 5TH
Aberdeen Ironbirds batting - Pitching for Hudson Valley Renegades : LHP Toshiaki Wada
Batting: RHB Honório Szenes 0-0: SINGLE (Groundball, 34D, EV 107.5 MPH)
Batting: RHB Mike Zepeda 0-0: Called Strike
0-1: Foul Ball, location: 2F
0-2: Ball
1-2: Foul Ball, location: 2F
1-2: Ground out 5-3 (Groundball, 5, EV 110.0 MPH)
Honório Szenes to second
Batting: RHB Daniel Jackson 0-0: Ball
1-0: Foul Ball, location: 2F
1-1: Fly out, F7 (Line Drive, 7, EV 93.8 MPH)
Batting: RHB Luis Tovar 0-0: Ball
1-0: Foul Ball, location: 2F
1-1: Ball
2-1: Ball
3-1: Base on Balls
Batting: LHB Keith Long 0-0: Swinging Strike
0-1: Ball
1-1: Called Strike
1-2: Ball
2-2: Ball
3-2: Strikes out swinging
Top of the 5th over - 0 runs, 1 hit, 0 errors, 2 left on base; Aberdeen 6 - Hudson Valley 6
BOTTOM OF THE 5TH
Hudson Valley Renegades batting - Pitching for Aberdeen Ironbirds : RHP Jun-seok Pak
Batting: RHB Dave Galloway 0-0: Ball
1-0: Fly out, F9 (Flyball, 9, EV 91.2 MPH)
Batting: LHB Alex Genao 0-0: Ground out 1-3 (Groundball, 13S, EV 69.4 MPH)
Batting: RHB Evan Chalarian 0-0: Called Strike
0-1: Foul Ball, location: 2F
0-2: Strikes out swinging
Bottom of the 5th over - 0 runs, 0 hits, 0 errors, 0 left on base; Aberdeen 6 - Hudson Valley 6
TOP OF THE 6TH
Aberdeen Ironbirds batting - Pitching for Hudson Valley Renegades : LHP Toshiaki Wada
Batting: RHB Jason Burke 0-0: Ball
1-0: Called Strike
1-1: Foul Ball, location: 2F
1-2: Strikes out swinging
Batting: RHB Ethan Finke 0-0: Called Strike
0-1: Fly out, F9 (Flyball, 9D, EV 89.4 MPH)
Batting: LHB Vinny Rivera 0-0: Swinging Strike
0-1: Ground out 4-3 (Groundball, 4S, EV 67.5 MPH)
Top of the 6th over - 0 runs, 0 hits, 0 errors, 0 left on base; Aberdeen 6 - Hudson Valley 6
BOTTOM OF THE 6TH
Hudson Valley Renegades batting - Pitching for Aberdeen Ironbirds : RHP Jun-seok Pak
Batting: RHB Bazyli Andrysiak 0-0: Called Strike
0-1: Foul Ball, location: 2F
0-2: Ball
1-2: Strikes out swinging
Batting: LHB Jeremy Burton 0-0: Called Strike
0-1: Called Strike
0-2: Strikes out looking
Batting: LHB Jonathan Spino 0-0: Called Strike
0-1: Ball
1-1: Foul Ball, location: 2F
1-2: Reached on error, E5 (Groundball, 56, EV 85.0 MPH)
Batting: SHB Josif Popovski 0-0: Foul Ball, location: 2F
0-1: Ball
1-1: Ball
2-1: Foul Ball, location: 2F
2-2: Foul Ball, location: 2F
2-2: TRIPLE (Groundball, 3L, EV 104.4 MPH)
Jonathan Spino scores
Batting: LHB Eric Toney 0-0: Intentional Walk
Batting: LHB Rocky Crowley 0-0: Called Strike
0-1: Ball
Passed Ball!
Josif Popovski scores
Eric Toney to second
1-1: Intentional Walk
Batting: RHB Dave Galloway 0-0: Ball
1-0: TRIPLE (Flyball, 78XD, EV 111.2 MPH)
Eric Toney scores
Rocky Crowley scores
Pitching: RHP Jon Grason
Batting: LHB Alex Genao 0-0: Foul Ball, location: 2F
0-1: Ground out 6-3 (Groundball, 56, EV 96.2 MPH)
Bottom of the 6th over - 4 runs, 2 hits, 1 error, 1 left on base; Aberdeen 6 - Hudson Valley 10
TOP OF THE 7TH
Aberdeen Ironbirds batting - Pitching for Hudson Valley Renegades : LHP Toshiaki Wada
Batting: LHB Shane Cruse 0-0: Called Strike
0-1: Ball
1-1: Called Strike
1-2: Strikes out swinging
Batting: RHB Honório Szenes 0-0: Ball
1-0: Foul Ball, location: 2F
1-1: Foul Ball, location: 2F
1-2: Strikes out swinging
Batting: RHB Mike Zepeda 0-0: Ball
1-0: Called Strike
1-1: Swinging Strike
1-2: Strikes out swinging
Top of the 7th over - 0 runs, 0 hits, 0 errors, 0 left on base; Aberdeen 6 - Hudson Valley 10
BOTTOM OF THE 7TH
Hudson Valley Renegades batting - Pitching for Aberdeen Ironbirds : RHP Jon Grason
Batting: RHB Evan Chalarian 0-0: Ball
1-0: Ball
2-0: Ball
3-0: Ground out 4-3 (Groundball, 4M, EV 88.1 MPH)
Batting: RHB Bazyli Andrysiak 0-0: Ball
1-0: Ball
2-0: Foul Ball, location: 2F
2-1: Called Strike
2-2: Ball
3-2: Strikes out swinging
Batting: LHB Jeremy Burton 0-0: Ball
1-0: Ball
2-0: Foul Ball, location: 2F
2-1: Fly out, F4 (Line Drive, 4, EV 70.6 MPH)
Bottom of the 7th over - 0 runs, 0 hits, 0 errors, 0 left on base; Aberdeen 6 - Hudson Valley 10
TOP OF THE 8TH
Aberdeen Ironbirds batting - Pitching for Hudson Valley Renegades : LHP Toshiaki Wada
Pitching: RHP Virgil Laverick
Batting: RHB Daniel Jackson 0-0: Ground out 4-3 (Groundball, 4D, EV 89.4 MPH)
Batting: RHB Luis Tovar 0-0: Ball
1-0: Called Strike
1-1: Called Strike
1-2: Ball
2-2: DOUBLE (Flyball, 8RD, EV 96.2 MPH)
Batting: LHB Keith Long 0-0: Ball
1-0: Ball
2-0: Ball
3-0: Called Strike
3-1: Swinging Strike
3-2: SINGLE (Line Drive, 8RS, EV 96.2 MPH)
Luis Tovar to third
Batting: RHB Jason Burke 0-0: Called Strike
0-1: Grounds into double play, 6-4-3 (Groundball, 6M, EV 99.4 MPH)
Top of the 8th over - 0 runs, 2 hits, 0 errors, 1 left on base; Aberdeen 6 - Hudson Valley 10
BOTTOM OF THE 8TH
Hudson Valley Renegades batting - Pitching for Aberdeen Ironbirds : RHP Jon Grason
Batting: LHB Jonathan Spino 0-0: Ball
1-0: SINGLE (Groundball, 6S, EV 68.1 MPH) (infield hit)
Batting: SHB Josif Popovski 0-0: Called Strike
0-1: Bunt missed!
0-2: Grounds into double play, 4-6-3 (Groundball, 4, EV 82.5 MPH)
Batting: LHB Eric Toney 0-0: Ball
1-0: Ball
2-0: Called Strike
2-1: Ball
3-1: Foul Ball, location: 2F
3-2: SINGLE (Groundball, 34D, EV 97.5 MPH)
Batting: LHB Rocky Crowley 0-0: Ball
1-0: Ball
2-0: Ball
3-0: Called Strike
3-1: Fly out, F6 (Popup, 6, EV 68.1 MPH)
Bottom of the 8th over - 0 runs, 2 hits, 0 errors, 1 left on base; Aberdeen 6 - Hudson Valley 10
TOP OF THE 9TH
Aberdeen Ironbirds batting - Pitching for Hudson Valley Renegades : RHP Virgil Laverick
Batting: RHB Ethan Finke 0-0: Ball
1-0: Ball
2-0: Called Strike
2-1: Ground out 6-3 (Groundball, 6, EV 83.1 MPH)
Batting: LHB Vinny Rivera 0-0: SINGLE (Line Drive, 6MD, EV 99.4 MPH)
Batting: LHB Shane Cruse 0-0: Ball
1-0: Ball
2-0: TRIPLE (Line Drive, 78XD, EV 104.4 MPH)
Vinny Rivera scores
Pitching: RHP Josh O'Neal
Now in RF: Chris Lockart
Batting: RHB Honório Szenes 0-0: Called Strike
0-1: Ball
1-1: Fly out, F8 (Flyball, 89D, EV 93.8 MPH)
Runner from 3rd tags up, SCORES, no throw by CF
Batting: RHB Mike Zepeda 0-0: Ball
1-0: Foul Ball, location: 2F
1-1: Ball
2-1: Swinging Strike
2-2: SINGLE (Line Drive, 56D, EV 106.9 MPH)
Batting: RHB Daniel Jackson 0-0: Called Strike
0-1: Ball
1-1: Ball
2-1: Called Strike
Balk!
Mike Zepeda to second
2-2: Ball
3-2: Base on Balls
Pinch Hitting: LHB Ralph Braine 0-0: Foul Ball, location: 2F
0-1: Foul Ball, location: 2F
0-2: Foul Ball, location: 2F
0-2: Foul Ball, location: 2F
0-2: Strikes out swinging
Top of the 9th over - 2 runs, 3 hits, 0 errors, 2 left on base; Aberdeen 8 - Hudson Valley 10
Thursday, December 15th , 2022 - OOTP Baseball 23.9 Build 102